 Dungeon Crawl Stone Soup version 0.30-a0-760-g5a9884bb7c (webtiles) character file.

Game seed: 5804706880734009118

753 tilp the Slasher (level 8, 0/66 HPs)
             Began as a Meteoran Fighter on Feb 11, 2023.
             Was an Initiate of Okawaru.
             Slain by a gnoll bouda
             ... wielding a +0 whip
              (7 damage)
             ... while paralysed by a hornet
             ... on level 6 of the Dungeon.
             The game lasted 00:08:23 (1727 turns).

tilp the Slasher (Meteoran Fighter)                 Turns: 1727, Time: 00:08:23

Health: 0/66       AC: 15    Str: 18    XL:     8   Next: 28%
Magic:  9/10       EV:  2    Int:  9    God:    Okawaru [......]
Gold:   272        SH:  0    Dex: 22    Spells: 7/7 levels left

rFire   . . .      SeeInvis .    a - +1 long sword
rCold   . . .      Faith    .    c - +0 buckler
rNeg    . . .      Spirit   .    n - +2 chain mail of Qaesouz {rCorr}
rPois   .          Reflect  .    h - +1 helmet
rElec   .          Harm     .    (no cloak)
rCorr   +          Rampage  .    (no gloves)
Will    +....                    (no boots)
Stlth   +                        (no amulet)
HPRegen 0.31/turn                l - +6 ring of dexterity
MPRegen 0.12/turn                (no ring)

@: paralysed, lethally poisoned (0 -> -6), heroic, weakened, slowed, glowing,
studying Polearms
A: sense surroundings 1, otherworldly, glowing, explore regen
a: Renounce Religion


You were on level 6 of the Dungeon.
You worshipped Okawaru.
Okawaru was noncommittal.
You visited 2 branches of the dungeon, and saw 8 of its levels.

You collected 272 gold pieces.

Inventory:

Hand Weapons
 a - a +1 long sword (weapon)
 o - a +1 dagger of freezing
Missiles
 e - 16 stones
 m - 8 poisoned darts (quivered)
 q - 3 boomerangs
Armour
 c - a +0 buckler (worn)
 h - a +1 helmet (worn)
 n - the +2 chain mail of Qaesouz (worn) {rCorr}
   (You found it on level 4 of the Dungeon)

   rCorr:     It protects you from acid and corrosion.
Jewellery
 l - a +6 ring of dexterity (left hand)
Wands
 b - a wand of light (9)
 i - a wand of polymorph (8)
Scrolls
 g - 4 scrolls of identify
Potions
 d - a potion of attraction
 f - a potion of cancellation
 p - a potion of ambrosia {unknown}


   Skills:
 - Level 4.0(9.0) Fighting
 - Level 6.0(11.0) Long Blades
 - Level 2.0(7.0) Throwing
 - Level 4.0(9.0) Armour
 - Level 4.0(9.0) Dodging
 - Level 2.0(7.0) Stealth
 + Level 5.4(10.4) Shields
 * Level 2.5 Invocations
 + Level 1.4 Evocations


You had 7 spell levels left.
You didn't know any spells.
Your spell library was empty.

Dungeon Overview and Level Annotations

Branches:
Dungeon (7/15) Zot: 2438   Temple (1/1) D:5 Zot: 575

Altars:
Cheibriados
Dithmenos
Elyvilon
Fedhas
Hepliaklqana
Makhleb
Nemelex Xobeh
Okawaru
Qazlal
Ru
Sif Muna
Uskayaw
Wu Jian
Yredelemnul

Annotations:
D:6 Menkaure


Innate Abilities, Weirdness & Mutations

You passively map a small area around you.
You are easily found by Zot.
You glow in the dark.
You regain HP and MP as you explore.


Message History

You feel very sick.
The hornet stings you but does no damage.
The gnoll bouda gazes fiercely through you!
You feel as though you will be weak longer.
The gnoll bouda hits you with a +0 whip.
The hornet stings you but does no damage.
Unknown command.
Unknown command.
Unknown command.
You feel better. You block the hornet's attack.
The gnoll bouda hits you with a +0 whip.
You block the hornet's attack.
The gnoll bouda gazes fiercely through you!
You feel as though you will be weak longer.
The gnoll bouda barely misses you.
Unknown command.
Unknown command.
Unknown command.
Unknown command.
You hit the hornet but do no damage.
The hornet stings you but does no damage.
The gnoll bouda hits you with a +0 whip!
You block the hornet's attack.
You closely miss the hornet.
You feel yourself speed up.
The gnoll is no longer moving quickly.
You block the hornet's attack.
The gnoll bouda gazes fiercely through you!
You feel as though you will be weak longer.
The gnoll bouda closely misses you. The hornet stings you!
* * * LOW HITPOINT WARNING * * *
You are poisoned.
You suddenly lose the ability to move!
The gnoll bouda hits you but does no damage.
You feel very sick. The hornet stings you.
* * * LOW HITPOINT WARNING * * *
You feel yourself slow down.
The hornet stings you but does no damage.
The gnoll bouda hits you with a +0 whip!
You die...

.#####.....##.#.##
#.#
.##.............#
#..,* *
...........##.###
#.# , ..##.....##.#
# ###..###.# #..#
#.# * #..# #.# # *
#..###.######.... ,
###......gg@y...#
###.....#..########
..........##
#...####### * # , ,
,


You could see a hornet, a gnoll bouda and a gnoll.

Vanquished Creatures
  Duvessa (D:5)
  An orc warrior (D:4)
  An ice beast (D:3)
  A scorpion (D:5)
  Dowan (D:5)
  A hound (D:4)
  A jelly (D:5)
  3 iguanas (D:4)
  2 orc wizards (D:3)
  Ijyb (D:5)
  A mummy (D:3)
  4 adders
  A white imp (D:6)
  An ufetubus (D:4)
  2 worms
  3 dart slugs
  7 orcs
  4 ball pythons
  3 bats
  5 endoplasms
  2 giant cockroaches (D:1)
  7 hobgoblins
  5 jackals
  6 kobolds
  3 quokkas
  A frilled lizard (D:3)
  5 goblins
  3 rats
76 creatures vanquished.

Notes
Turn   | Place    | Note
-------+----------+-------------------------------------------
     0 | D:1      | tilp the Meteoran Fighter began the quest for the Orb.
     0 | D:1      | Reached XP level 1. HP: 19/19 MP: 2/2
    37 | D:1      | Reached XP level 2. HP: 23/26 MP: 3/3
    90 | D:1      | Reached skill level 1 in Dodging
   143 | D:1      | Reached XP level 3. HP: 27/31 MP: 4/4
   165 | D:1      | Reached skill level 3 in Long Blades
   273 | D:3      | Noticed an ice beast
   283 | D:3      | Killed an ice beast
   284 | D:3      | Reached skill level 1 in Stealth
   284 | D:3      | Reached XP level 4. HP: 18/40 MP: 5/5
   284 | D:3      | Reached XP level 5. HP: 21/46 MP: 6/6
   288 | D:3      | Found a stormy altar of Qazlal.
   450 | D:4      | Found a shadowy altar of Dithmenos.
   626 | D:3      | Found a snail-covered altar of Cheibriados.
   639 | D:3      | Reached skill level 4 in Long Blades
   686 | D:3      | Reached XP level 6. HP: 52/52 MP: 7/7
   924 | D:4      | Found a sacrificial altar of Ru.
   953 | D:5      | Entered Level 5 of the Dungeon
  1073 | D:4      | Identified the +2 chain mail of Qaesouz {rCorr}
  1094 | D:4      | Noticed an orc warrior
  1100 | D:4      | Reached XP level 7. HP: 51/59 MP: 8/8
  1122 | D:4      | Reached skill level 5 in Long Blades
  1122 | D:4      | Reached skill level 1 in Throwing
  1348 | D:5      | Found a staircase to the Ecumenical Temple.
  1381 | D:6      | Noticed Menkaure
  1391 | D:5      | Reached skill level 5 in Shields
  1419 | Temple   | Entered the Ecumenical Temple
  1431 | Temple   | Became a worshipper of Warmaster Okawaru
  1523 | D:5      | Noticed Ijyb
  1554 | D:5      | Killed Ijyb
  1555 | D:5      | Reached skill level 1 in Invocations
  1555 | D:5      | Reached XP level 8. HP: 34/66 MP: 9/9
  1562 | D:5      | Noticed Duvessa
  1562 | D:5      | Noticed Dowan
  1596 | D:5      | Killed Duvessa
  1597 | D:5      | Reached skill level 6 in Long Blades
  1597 | D:5      | Reached skill level 1 in Evocations
  1609 | D:5      | Killed Dowan
  1609 | D:5      | Reached * piety under Okawaru
  1641 | D:5      | Noticed a komodo dragon
  1652 | D:6      | Found a shimmering blue altar of Sif Muna.
  1712 | D:7      | Noticed a hornet
  1713 | D:7      | Paralysed by a hornet for 2 turns
  1719 | D:6      | Paralysed by a hornet for 3 turns
  1726 | D:6      | Paralysed by a hornet for 2 turns
  1727 | D:6      | Slain by a gnoll bouda

Illustrated notes

Levels and vault maps discovered:
D:1:      amcnicky_arrival_double_pillar, layout_loops_cross,
          chequers_decorated_corner
D:2:      layout_basic, uniq_sigmund
D:3:      layout_basic, amcnicky_altar_gilded, slow_altar_1,
          minmay_misc_feat_diagonals
D:4:      minmay_spotlight, layout_cave_pools,
          mainiacjoe_overflow_surrounded_room,
          mainiacjoe_overflow_six_doors_small, minmay_manual_macuahuitl
D:5:      layout_loops_ring, mainiacjoe_overflow_swirl,
          minmay_temple_entry_hall, kennysheep_path_1, uniq_ijyb, uniq_duvessa
D:6:      layout_loops_ring, mainiacjoe_overflow_catwalk, marbit_many_paths,
          uniq_menkaure
D:7:      layout_loops_cross, kennysheep_vampire_church,
          mainiacjoe_overflow_24_doors, serial_shops,
          nicolae_shop_bloodbath_and_beyond, st_stairs_1, grunt_ministairs_1
Temple:   hellmonk_temple_rainy

Skill      XL: |  1  2  3  4  5  6  7  8 |
---------------+-------------------------+-----
Dodging        | 1 2 3 4 |  4.0
Long Blades    | 3 4 5 6 |  6.0
Armour         | 4 |  4.0
Stealth        | 1 2 |  2.0
Shields        | 4 5 |  5.4
Fighting       | 4 |  4.0
Throwing       | 1 2 |  2.0
Invocations    | 1 2 |  2.5
Evocations     | 1 |  1.4

Action                     |  1- 3 |  4- 6 |  7- 9 || total
---------------------------+-------+-------+-------++-------
  Melee: Long sword        |    76 |   103 |    85 ||   264
         Unarmed           |       |       |    13 ||    13
  Throw: Stone             |       |     2 |       ||     2
         Dart              |       |       |     7 ||     7
 Invoke: Heroism           |       |       |     1 ||     1
    Use: Scroll            |     1 |     6 |     2 ||     9
         Potion            |     1 |       |     5 ||     6
 Armour: Scale mail        |    50 |    54 |       ||   104
         Chain mail        |       |     4 |    57 ||    61
  Dodge: Dodged            |    31 |    36 |    41 ||   108
  Block: Buckler           |    30 |    19 |    30 ||    79

Table legend: (Time is in decaauts)
 A = Elapsed time spent in this place.
 B = Non-inter-level travel time spent in this place.
 C = Inter-level travel time spent in this place.
 D = Time resting spent in this place.
 E = Time spent auto-exploring this place.
 F = Levels seen in this place.
 G = Mean time per level.
                   A        B        C        D        E       F      G
               +--------+--------+--------+--------+--------+-----+--------+
         Total |   1785 |   1605 |    180 |    102 |      0 |   8 |  223.1 |
       Dungeon |   1760 |   1592 |    168 |    102 |      0 |   7 |  251.4 |
        Temple |     24 |     12 |     12 |      0 |      0 |   1 |   24.0 |
               +--------+--------+--------+--------+--------+-----+--------+

Top non-repeatable levels by time:
     D:4: 618 daAuts
     D:3: 498 daAuts
     D:5: 280 daAuts
     D:1: 187 daAuts
     D:2: 86 daAuts
     D:6: 85 daAuts
  Temple: 24 daAuts
     D:7: 4 daAuts
